 Dungeon Crawl Stone Soup version 0.26.1-2-gb8aa6d0cf2 (webtiles) character file.

Game seed: 375042067096886395

12659 pascalblue the Thaumaturge (level 11, -21/54 HPs)
             Began as a Deep Elf Earth Elementalist on Mar 19, 2021.
             Was a High Priest of Sif Muna.
             Demolished by a boulder beetle (55 damage)
             ... on level 10 of the Dungeon.
             The game lasted 00:48:39 (15005 turns).

pascalblue the Thaumaturge (DEEE)                  Turns: 15005, Time: 00:48:41

Health: -21/54     AC:  7    Str:  5    XL:     11   Next: 65%
Magic:  21/39      EV: 13    Int: 27    God:    Sif Muna [*****.]
Gold:   678        SH:  0    Dex: 15    Spells: 17/37 levels left

rFire    + + .     SeeInvis .   w - staff of fire
rCold    . . .     Faith    .   (no shield)
rNeg     . . .     Spirit   .   C - +2 robe {rF+}
rPois    .         Reflect  .   H - +1 hat {Int+3}
rElec    .         Harm     .   x - +0 cloak
rCorr    .         Rampage  .   Q - +0 pair of gloves
Will     +....                  (no boots)
Stlth    ++........             (no amulet)
HPRegen  0.18/turn              E - ring of wizardry
MPRegen  0.26/turn              o - ring of magical power

@: no status effects
A: no striking features
a: Renounce Religion, Channel Magic, Forget Spell, Divine Exegesis


You were on level 10 of the Dungeon.
You worshipped Sif Muna.
Sif Muna was extremely pleased with you.
You visited 1 branch of the dungeon, and saw 11 of its levels.

You collected 1155 gold pieces.
You spent 477 gold pieces at shops.

Inventory:

Hand Weapons
 a - a +0 short sword
 d - a +0 hand axe of venom
 q - a +4 dagger of holy wrath
 F - a +2 falchion of electrocution
Missiles
 b - 14 stones
 m - 195 arrows
 r - 21 boomerangs
 v - 33 sling bullets
 D - 8 poisoned darts
Armour
 c - a +0 robe
 k - a +0 helmet
 x - a +0 cloak (worn)
 C - a +2 robe of fire resistance (worn)
 H - a +1 hat of intelligence (worn)
 L - +0 acid dragon scales
 O - +0 steam dragon scales
 Q - a +0 pair of gloves (worn)
Magical Staves
 w - an uncursed staff of fire (weapon)
Jewellery
 f - an uncursed ring of fire
 i - an uncursed ring of fire
 o - a ring of magical power (right hand)
 E - a ring of wizardry (left hand)
 J - an uncursed ring of positive energy
 K - an uncursed amulet of guardian spirit
Wands
 y - a wand of acid (7)
 A - a wand of iceblast (14)
 I - a wand of flame (8)
 M - a wand of random effects (8)
Scrolls
 p - 2 scrolls of amnesia
 t - a scroll of remove curse
 N - a scroll of magic mapping
 P - a scroll of teleportation {unknown}
 R - a scroll of noise {unknown}
 S - a scroll of identify
Potions
 e - a potion of flight
 g - a potion of invisibility
 h - 3 potions of attraction
 l - 4 potions of haste
 n - 3 potions of degeneration
 u - 3 potions of brilliance
 z - 4 potions of lignification
 B - a potion of berserk rage
 G - 2 potions of heal wounds {unknown}


   Skills:
 - Level 3.0 Dodging
 - Level 2.4 Stealth
 * Level 13.5 Spellcasting
 - Level 6.5 Conjurations
 - Level 7.4 Transmutations
 * Level 1.2 Fire Magic
 * Level 11.8 Earth Magic
 + Level 7.3 Invocations


You had 17 spell levels left.
You knew the following spells:

 Your Spells              Type           Power        Failure   Level
a - Sandblast             Erth           100%         0%          1
b - Stone Arrow           Conj/Erth      100%         1%          3
c - Lee's Rapid Deconstr  Erth           35%          1%          5
d - Petrify               Tmut/Erth      63%          1%          4
e - Passwall              Tmut/Erth      52%          1%          2
f - Fireball              Conj/Fire      28%          7%          5

Your spell library contained the following spells:

 Spells                   Type           Power        Failure   Level
 Corona                   Hex            20%          1%          1
 Ensorcelled Hibernation  Hex/Ice        36%          1%          2
 Dazzling Flash           Conj/Hex       70%          1%          3
 Ignite Poison            Fire/Tmut/Pois 50%          1%          3
 Confusing Touch          Hex            18%          3%          3
 Tukima's Dance           Hex            18%          3%          3
 Starburst                Conj/Fire      28%          34%         6
 Ignition                 Fire           18%          100%        8


Dungeon Overview and Level Annotations

Branches:
Dungeon (11/15)            Temple (0/1) D:5            Lair (0/6) D:10
    Orc: D:9-12

Altars:
Ashenzari
Cheibriados
Dithmenos
Elyvilon
Fedhas
Gozag
Hepliaklqana
Makhleb
Okawaru
Ru
Sif Muna
Trog
Xom
The Shining One

Shops:
D:5 *   D:8 *


Message History

The boulder beetle is heavily wounded.
Casting: Fireball (quite dangerous; 7% risk of failure)
Confirm with . or Enter, or press ? or * to list all spells.
Aiming: Lee's Rapid Deconstruction (dangerous; 1% risk of failure)
Press: ? - help, Dir - move target A rock wall.
The wall shatters!
The blast of rock fragments hits the boulder beetle but does no damage.
The boulder beetle is heavily wounded.
The boulder beetle curls into a ball and begins rolling!
Casting: Lee's Rapid Deconstruction (dangerous; 1% risk of failure)
Confirm with . or Enter, or press ? or * to list all spells.
Aiming: Sandblast (safe; 0% risk of failure)
Press: ? - help, Shift-Dir - straight line, f - boulder beetle
Aim: a boulder beetle (heavily wounded, 0% to evade)
The blast of sand hits the boulder beetle but does no damage.
The boulder beetle is heavily wounded.
The boulder beetle hits you!!!
Ouch! That really hurt!
You die...

##############
#.B@.........#
#°##########.# #○# #.#
#°# #.# #°# #.# # #.#
#.# # ####.# #.# #
#>...##########.#######
#
#..#......)............


You could see a boulder beetle.

Vanquished Creatures
  Gastronok (D:8)
  Harold (D:8)
  2 two-headed ogres
  An unseen horror (D:8)
  Pikel (D:8)
  A centaur zombie (D:10)
  A gargoyle (D:8)
  Maggie (D:8)
  A troll (D:10)
  A yak (shapeshifter) (D:7)
  A steam dragon (D:9)
  The ghost of reptisaurus the Bolt Thrower, an amateur GrHu of Kikubaaqudgha (D:5)
  3 wargs (D:10)
  A water moccasin (D:8)
  2 orc warriors
  2 ice beasts
  A necrophage (D:6)
  A phantom (D:4)
  12 ogres
  7 centaurs
  4 lemures (D:8)
  Blork the orc (D:6)
  2 big kobolds
  4 bullfrogs
  3 gnoll sergeants
  A wyvern skeleton (D:9)
  4 scorpions
  4 jellies
  17 killer bees
  5 wights (D:10)
  An electric eel (D:10)
  A howler monkey (D:4)
  2 bullfrog zombies
  2 bullfrog skeletons
  9 hounds
  9 orc priests
  14 orc wizards
  4 centaur skeletons
  3 iguanas
  7 worker ants
  Terence (D:2)
  A hound zombie (D:10)
  A hound skeleton (D:5)
  3 worker ant zombies
  A howler monkey skeleton (D:4)
  12 gnolls
  5 adders
  An adder (shapeshifter) (D:7)
  A shadow imp (D:9)
  4 white imps
  4 ufetubi
  An ooze (D:2)
  An adder zombie (D:6)
  A worm (D:4)
  4 dart slugs
  10 leopard geckos
  63 orcs
  2 ball pythons
  12 bats
  6 giant cockroaches
  9 goblins
  9 hobgoblins
  10 jackals
  12 kobolds
  3 quokkas
  4 frilled lizards
  A quokka skeleton (D:8)
  A quokka zombie (D:5)
  7 rats
329 creatures vanquished.

Vanquished Creatures (others)
  11 fungi (D:5)
  15 plants
26 creatures vanquished.

Grand Total: 355 creatures vanquished

Notes
Turn   | Place    | Note
-------+----------+-------------------------------------------
     0 | D:1      | pascalblue the Deep Elf Earth Elementalist began the quest
                  | for the Orb.
     0 | D:1      | Reached XP level 1. HP: 10/10 MP: 6/6
    28 | D:1      | Reached XP level 2. HP: 2/15 MP: 0/8
  1061 | D:1      | Reached XP level 3. HP: 19/19 MP: 6/10
  1085 | D:1      | Learned a level 3 spell: Stone Arrow
  1664 | D:2      | Noticed Terence
  1679 | D:2      | Killed Terence
  1680 | D:2      | Reached skill level 4 in Spellcasting
  1871 | D:2      | Reached XP level 4. HP: 5/24 MP: 8/12
  2525 | D:2      | Found a faded altar of an unknown god.
  2821 | D:2      | Found a bloodstained altar of Trog.
  3170 | D:2      | Found a glowing golden altar of the Shining One.
  3278 | D:3      | Noticed a centaur
  3285 | D:3      | Killed a centaur
  3286 | D:3      | Reached skill level 5 in Spellcasting
  3286 | D:3      | Reached XP level 5. HP: 6/28 MP: 10/14
  3552 | D:3      | Reached skill level 5 in Earth Magic
  3699 | D:3      | Found a broken altar of Ashenzari.
  4406 | D:4      | Reached XP level 6. HP: 31/32 MP: 11/16
  4531 | D:4      | Found a sacrificial altar of Ru.
  4534 | D:4      | Found an iron altar of Okawaru.
  4535 | D:4      | Found a shimmering blue altar of Sif Muna.
  4544 | D:4      | Became a worshipper of Sif Muna the Loreminder
  4734 | D:4      | Found a snail-covered altar of Cheibriados.
  5105 | D:4      | Reached skill level 6 in Spellcasting
  5125 | D:4      | Reached skill level 1 in Invocations
  5269 | D:4      | Learned a level 5 spell: Lee's Rapid Deconstruction
  5359 | D:4      | Reached skill level 1 in Conjurations
  5359 | D:4      | Reached XP level 7. HP: 21/36 MP: 8/18
  5973 | D:5      | Entered Level 5 of the Dungeon
  6022 | D:5      | Found Wezap's Whimsical Warehouse.
  6049 | D:5      | Found a staircase to the Ecumenical Temple.
  6062 | D:5      | Found a runed translucent gate.
  6062 | D:5      | Found a runed translucent gate.
  6062 | D:5      | Found a runed translucent gate.
  6062 | D:5      | Noticed reptisaurus's ghost (amateur GrHu)
  6124 | D:5      | Noticed a two-headed ogre
  6130 | D:5      | Killed a two-headed ogre
  6131 | D:5      | Reached skill level 8 in Spellcasting
  6131 | D:5      | Reached XP level 8. HP: 41/41 MP: 7/22
  6307 | D:5      | Killed reptisaurus's ghost
  6469 | D:5      | Reached * piety under Sif Muna
  7145 | D:5      | Found a blossoming altar of Fedhas.
  7241 | D:5      | Reached skill level 5 in Transmutations
  7272 | D:5      | Reached skill level 9 in Spellcasting
  7530 | D:5      | Reached XP level 9. HP: 38/45 MP: 19/24
  7535 | D:5      | Learned a level 4 spell: Petrify
  8006 | D:6      | Reached ** piety under Sif Muna
  8911 | D:6      | Noticed Blork the orc
  8919 | D:6      | Killed Blork the orc
  8921 | D:6      | Reached skill level 10 in Spellcasting
  9130 | D:7      | Found an opulent altar of Gozag.
  9289 | D:5      | Bought an uncursed ring of wizardry for 390 gold pieces
  9788 | D:7      | Found a shimmering altar of Xom.
  9789 | D:7      | Found a shimmering altar of Xom.
  9789 | D:7      | Found a shimmering altar of Xom.
  9790 | D:7      | Found a shimmering altar of Xom.
  9791 | D:7      | Found a shimmering altar of Xom.
  9834 | D:7      | Learned a level 2 spell: Passwall
  9843 | D:7      | Reached skill level 5 in Invocations
  9940 | D:8      | Noticed Pikel
  9948 | D:8      | Reached *** piety under Sif Muna
  9949 | D:8      | Reached skill level 5 in Conjurations
  9953 | D:8      | Killed Pikel
  9954 | D:8      | Reached XP level 10. HP: 44/50 MP: 0/26
 10317 | D:8      | Found Medesor's Assorted Antiques.
 10318 | D:8      | Noticed Gastronok
 10318 | D:8      | Noticed a two-headed ogre
 10321 | D:8      | Killed a two-headed ogre
 10322 | D:8      | Reached skill level 11 in Spellcasting
 10420 | D:8      | Killed Gastronok
 10421 | D:8      | Reached skill level 10 in Earth Magic
 10617 | D:8      | Noticed Maggie
 10621 | D:8      | Killed Maggie
 10750 | D:8      | Reached skill level 12 in Spellcasting
 10774 | D:8      | Bought a scroll labelled LULIDGHOLUDI for 29 gold pieces
 10774 | D:8      | Bought a scroll labelled ZARIMA SAIC for 29 gold pieces
 10774 | D:8      | Bought a scroll labelled ZARIMA SAIC for 29 gold pieces
 10850 | D:8      | Found a hazy altar of Hepliaklqana.
 11003 | D:8      | Found a shadowy altar of Dithmenos.
 11007 | D:8      | Killed an unseen horror
 11038 | D:8      | Noticed a gargoyle
 11039 | D:8      | Killed a gargoyle
 11040 | D:8      | Reached XP level 11. HP: 54/54 MP: 22/29
 11043 | D:8      | Noticed Harold
 11047 | D:8      | Killed Harold
 11367 | D:8      | Found a white marble altar of Elyvilon.
 11673 | D:9      | Reached **** piety under Sif Muna
 12216 | D:9      | Found a burning altar of Makhleb.
 12841 | D:10     | Entered Level 10 of the Dungeon
 13180 | D:10     | Reached skill level 13 in Spellcasting
 13776 | D:10     | Reached ***** piety under Sif Muna
 13890 | D:10     | Received a gift from Sif Muna
 14024 | D:10     | Learned a level 5 spell: Fireball
 14289 | D:10     | Found a staircase to the Lair.
 14651 | D:10     | Reached skill level 1 in Fire Magic
 14784 | D:10     | Found a sacrificial altar of Ru.
 14863 | D:11     | Noticed a boulder beetle
 14873 | D:10     | HP: 2/54 [boulder beetle (16)]
 15005 | D:10     | Demolished by a boulder beetle

Illustrated notes

Levels and vault maps discovered:
D:1:      dpeg_arrival_stonehenge_8_columns, layout_basic
D:2:      minmay_razor_zed, layout_basic, nicolae_overflow_hidden_temple,
          lemuel_coloured_pillars_altar, chequers_ecumenical_altar_grove,
          uniq_terence
D:3:      layout_basic, cheibrodos_ashenzari_chains
D:4:      layout_loops_corners, kennysheep_mini_moat,
          chequers_temple_overflow_statue_of_worship, kennysheep_generic_room_14
D:5:      layout_loops_corners, minmay_temple_entry_ruins,
          ebering_ghost_rock_garden, nicolae_alphabet_shops, fedhas_altar_3
D:6:      layout_basic, uniq_blork_the_orc
D:7:      layout_cave_pools, overflow_temple_1_default, xom_shifter_show
D:8:      layout_rooms, elyvilon_altar_1, kennysheep_mini, lemuel_doored_altar,
          serial_shops, nicolae_shop_statue_plus, uniq_gastronok, uniq_harold,
          uniq_maggie, uniq_pikel
D:9:      layout_stronghold, general_overflow_altar
D:10:     minmay_goldmine, layout_basic, erik_lair_orcish_takeover,
          serial_bayou_pond_b, nicolae_ru_path_of_blood
D:11:     layout_basic, nemelex_altar_shiori, uniq_nergalle

Skill      XL: |  1  2  3  4  5  6  7  8  9 10 11 |
---------------+----------------------------------+-----
Dodging        | 3 |  3.0
Spellcasting   | 4 5 6 8 9 10 12 13 | 13.5
Earth Magic    | 4 5 6 7 8 9 10 11 | 11.8
Transmutations | 2 3 4 5 6 7 |  7.4
Invocations    | 1 3 5 6 7 |  7.3
Conjurations   | 1 2 3 5 6 |  6.5
Fire Magic     | 1 |  1.2
Stealth        | |  2.4

Action                   |  1- 3 |  4- 6 |  7- 9 | 10-12 || total
-------------------------+-------+-------+-------+-------++-------
Melee: Unarmed           |     8 |       |       |       ||     8
       Short sword       |    66 |    26 |       |       ||    92
       Staff             |       |     2 |     1 |       ||     3
       Dagger            |       |       |     6 |     7 ||    13
 Cast: Sandblast         |    38 |    93 |    78 |   108 ||   317
       Stone Arrow       |       |       |    55 |    42 ||    97
       Lee's Rapid Decon |       |       |    16 |    67 ||    83
       Passwall          |       |       |     1 |       ||     1
       Fireball          |       |       |       |     2 ||     2
Invok: Channel Magic     |       |       |       |     2 ||     2
  Use: Scroll            |     3 |       |    13 |     8 ||    24
       Potion            |     2 |       |       |     3 ||     5
 Stab: Sleeping          |     7 |     7 |     1 |       ||    15
Armor: Robe              |    17 |    16 |    19 |    18 ||    70
Dodge: Dodged            |    82 |    62 |    41 |    53 ||   238
